 Dungeon Crawl Stone Soup version 0.20.1-1-g8b1a95d (webtiles) character file.

8865 NoNouf the Soothsayer (level 11, -1/75 HPs)
             Began as an Octopode Fighter on Aug 5, 2017.
             Was a Priest of Nemelex Xobeh.
             Slain by a killer bee (5 damage)
             ... on level 11 of the Dungeon on Aug 6, 2017.
             The game lasted 01:41:23 (12134 turns).

NoNouf the Soothsayer (Octopode Fighter)           Turns: 12134, Time: 01:41:24

Health: -1/75      AC:  3    Str: 19    XL:     11   Next: 37%
Magic:  27/27      EV: 13    Int: 14    God:    Nemelex Xobeh [***...]
Gold:   667        SH: 11    Dex: 17    Spells: 16/20 levels left

rFire    + . .     SeeInvis .   m - +11 scimitar of Charity {freeze, Int+3}
rCold    + . .     Gourm    .   b - +1 shield
rNeg     . . .     Faith    .   (helmet restricted)
rPois    +         Spirit   .   (no amulet)
rElec    .         Reflect  .   h - +4 ring of strength
rCorr    .         Harm     .   i - +2 ring of dexterity
MR       .....     Rnd*Rage +   r - ring of magical power
Stlth    +++++.....             (no ring)
Regen    0.3/turn               (no ring)
MPRegen  0.2/turn               (no ring)
                                (no ring)
                                (no ring)

@: berserk cooldown, slowed, very slow
A: almost no armour, stealthy swim, amphibious, 8 rings, constrict 8, icy blue
scales 1, camouflage 1, berserk 1, blink, cold resistance 1, fire resistance 1,
poison resistance, gelatinous body 1
a: Blink, Triple Draw, Renounce Religion


You were on level 11 of the Dungeon.
You worshipped Nemelex Xobeh.
Nemelex Xobeh was most pleased with you.
You were not hungry.

You visited 3 branches of the dungeon, and saw 13 of its levels.

You collected 667 gold pieces.

Inventory:

Hand Weapons
 a - a cursed -1 dagger
 m - the +11 scimitar of Charity (weapon) {freeze, Int+3}
   (You took it off a kobold on level 11 of the Dungeon)

   It has been specially enchanted to freeze those struck by it, causing extra
   injury to most foes and up to half again as much damage against particularly
   susceptible opponents.
   It can also slow down cold-blooded creatures.
   It affects your intelligence (+3).
 t - a +2 dagger of freezing
 N - a +0 short sword of venom
Armour
 b - a +1 shield (worn)
Jewellery
 h - a +4 ring of strength (left tentacle)
 i - a +2 ring of dexterity (right tentacle)
 r - a ring of magical power (on tentacle)
Wands
 e - a wand of disintegration (10/24)
 f - a wand of confusion (0/48)
 p - a wand of polymorph (7/24)
 s - a wand of scattershot (0/9)
 v - a wand of iceblast (2/15)
 E - a wand of confusion (18/48)
 G - a wand of acid (3/15)
 M - a wand of iceblast (2/15)
 O - a wand of iceblast (9/15)
 Q - a wand of random effects (20/48)
Scrolls
 j - 6 scrolls of teleportation
 u - a scroll of fog
 x - 2 scrolls of enchant weapon
 C - 2 scrolls of amnesia
 I - 2 scrolls of remove curse
 J - a scroll of identify
 K - 2 scrolls of enchant armour
 P - 2 scrolls of blinking {unknown}
 S - 2 scrolls of fear
Potions
 g - 2 potions of agility
 k - a potion of might
 l - 3 potions of degeneration {unknown}
 n - 4 potions of mutation
 o - a potion of resistance
 q - a potion of haste {unknown}
 w - 2 potions of heal wounds
 A - a potion of experience {unknown}
 B - a potion of cancellation {unknown}
 D - 2 potions of curing {unknown}
 R - a potion of ambrosia {unknown}
Books
 y - a book of Battle

   Spells                             Type                      Level
   a - Infusion                       Charms                       1
   b - Shroud of Golubria             Charms/Translocation         2
   c - Song of Slaying                Charms                       2
   d - Spectral Weapon                Hexes/Charms                 3
   e - Regeneration                   Charms/Necromancy            3
 H - a book of Misfortune

   Spells                             Type                      Level
   a - Confusing Touch                Hexes                        1
   b - Confuse                        Hexes                        3
   c - Gell's Gravitas                Translocation                3
   d - Petrify                        Transmutation/Earth          4
   e - Metabolic Englaciation         Hexes/Ice                    5
   f - Yara's Violent Unravelling     Hexes/Transmutation          5
Miscellaneous
 F - a plain deck of summoning {drawn: 7}
 T - a legendary deck of summoning
 U - a plain deck of destruction {drawn: 3}
Comestibles
 c - 5 meat rations
 d - 5 bread rations
 z - 2 royal jellies
 L - 5 fruits
 V - 7 chunks of flesh


   Skills:
 - Level 7.1 Fighting
 - Level 2.0(3.0) Short Blades
 + Level 3.4(3.7) Long Blades
 - Level 4.0 Dodging
 + Level 8.8 Stealth
 - Level 6.0 Shields
 - Level 5.0 Spellcasting
 - Level 5.1 Hexes
 - Level 9.4 Invocations
 - Level 6.8 Evocations


You had 16 spell levels left.
You knew the following spells:

 Your Spells              Type           Power        Failure   Level  Hunger
a - Confusing Touch       Hex            ###...       7%          1    None
b - Confuse               Hex            ###.....     21%         3    ###....


Dungeon Overview and Level Annotations

Branches:
Dungeon (11/15)            Temple (1/1) D:6             Orc (1/2) D:10
   Lair: D:8-11

Altars:
Ashenzari
Cheibriados
Dithmenos
Elyvilon
Fedhas
Gozag
Hepliaklqana
Kikubaaqudgha
Makhleb
Nemelex Xobeh
Okawaru
Qazlal
Ru
Sif Muna
Trog
Uskayaw
Vehumet
Xom
Yredelemnul
Zin
The Shining One


Innate Abilities, Weirdness & Mutations

You cannot wear most types of armour.
You are very stealthy in the water. (Stealth+)
You are amphibious.
You can wear up to eight rings at the same time.
You can use your tentacles to constrict eight enemies at once.
Your skin changes colour to match your surroundings (Stealth+).
Your rubbery body absorbs attacks. (AC +1, EV +1)
You are partially covered in icy blue scales. (AC +2)
You tend to lose your temper in combat.
You can translocate small distances at will.
Your flesh is cold resistant. (rC+)
Your flesh is heat resistant. (rF+)
Your system is resistant to poisons. (rPois)


Message History

You block the red ugly thing's attack.
You slash the red ugly thing! You freeze the red ugly thing.
Your grab misses the red ugly thing.
The red ugly thing is severely wounded.
You block the red ugly thing's attack. x2; The sky beast flickers out of sight!
Deactivating autopickup; reactivate with Ctrl-A.
You hit the red ugly thing. You freeze the red ugly thing.
You grab the red ugly thing.
The red ugly thing is almost dead.
You constrict the red ugly thing.
The red ugly thing stings you but does no damage.
The red ugly thing stings you!
* * * LOW HITPOINT WARNING * * *
You are engulfed in flames!
You resist.
* * * LOW HITPOINT WARNING * * *
You hit the red ugly thing. You freeze the red ugly thing.
You kill the red ugly thing!
The killer bee stings you.
You die...
Your body glows slightly and disappears.

###### .. ..# (#..#..#.
#.# #..y..y.. #.#
..#...... #.# #..#....#
#.# #.....# ##.#
#y....######..############
#†..5Y.y@....).........#
#......#{###..##########.#
...##.u....# #...# #.# .
#...#####.....# #.# .....#
##...## #.# ......# #####
#.# .≈5P.≈.# #.# ≈≈≈≈≈≈≈≈
#.# #.#


You could see an ice beast, a killer bee and a crimson imp.

Vanquished Creatures
  A two-headed ogre (D:10)
  The ghost of trm the Thaumaturge, a novice DECj of Sif Muna (D:8)
  Pikel (D:8)
  An ugly thing (D:11)
  A gargoyle (D:11)
  A kobold demonologist (D:11)
  A troll (D:11)
  2 hippogriffs (D:8)
  Duvessa (D:4)
  2 water moccasins (D:11)
  2 orc warriors
  A phantom (D:4)
  2 sky beasts
  An ice beast (D:7)
  3 slaves (D:8)
  A necrophage (D:11)
  8 ogres
  6 centaurs
  3 big kobolds
  A bullfrog (D:10)
  A wyvern zombie (D:11)
  Dowan (D:4)
  8 scorpions
  15 killer bees
  3 wights (D:10)
  3 howler monkeys (D:11)
  4 crimson imps
  A quasit (D:10)
  A centaur zombie (D:5)
  Crazy Yiuf (D:3)
  8 orc priests
  5 hounds
  2 jellies (D:11)
  13 orc wizards
  3 bullfrog skeletons
  Ijyb (D:3)
  5 iguanas
  Natasha (thrice) (D:2 D:3)
  6 worker ants
  A hound zombie (D:8)
  A hound skeleton (D:4)
  A worker ant zombie (D:7)
  6 gnolls
  12 adders
  3 shadow imps
  3 oozes
  2 adder skeletons
  An adder zombie (D:8)
  3 worms
  A dart slug (D:1)
  9 leopard geckos
  46 orcs
  4 bats
  4 giant cockroaches
  7 goblins
  6 hobgoblins
  12 jackals
  4 quokkas
  2 ball pythons
  A frilled lizard (D:5)
  A giant cockroach zombie (D:6)
  A jackal skeleton (D:6)
  15 kobolds
  2 quokka skeletons
  4 rats
  A spectral orc (D:5)
277 creatures vanquished.

Vanquished Creatures (collateral kills)
  An orc warrior (D:9)
  An ogre (D:8)
  A wight (D:10)
  A bullfrog zombie (D:8)
  A hound (D:8)
  An orc wizard (D:9)
  An orc (D:9)
7 creatures vanquished.

Vanquished Creatures (others)
  A slave (D:8)
  A centaur (D:11)
  4 killer bees (D:11)
  A jackal (D:8)
7 creatures vanquished.

Grand Total: 291 creatures vanquished

Notes
Turn   | Place    | Note
-------+----------+-------------------------------------------
     0 | D:1      | NoNouf the Octopode Fighter began the quest for the Orb.
     0 | D:1      | Reached XP level 1. HP: 16/16 MP: 1/1
   111 | D:1      | Reached skill level 1 in Stealth
   113 | D:1      | Reached XP level 2. HP: 20/21 MP: 2/2
   678 | D:1      | Reached XP level 3. HP: 22/26 MP: 3/3
  1219 | D:2      | Noticed Natasha
  1226 | D:2      | Killed Natasha
  1226 | D:2      | Reached XP level 4. HP: 31/31 MP: 4/4
  1411 | D:2      | Noticed Natasha
  1424 | D:2      | Killed Natasha
  1424 | D:2      | Reached skill level 5 in Stealth
  1646 | D:3      | Noticed Natasha
  1663 | D:3      | Killed Natasha
  1663 | D:3      | Reached XP level 5. HP: 26/36 MP: 5/5
  2304 | D:3      | Found a runed door.
  2329 | D:3      | Noticed Ijyb
  2341 | D:3      | Killed Ijyb
  2586 | D:3      | Noticed Crazy Yiuf
  2590 | D:3      | Killed Crazy Yiuf
  2590 | D:3      | Reached skill level 5 in Shields
  2590 | D:3      | Reached XP level 6. HP: 42/42 MP: 6/6
  2732 | D:4      | Noticed a phantom
  2752 | D:4      | Killed a phantom
  3135 | D:4      | Found a snail-covered altar of Cheibriados.
  3135 | D:4      | Found a hazy altar of Hepliaklqana.
  3142 | D:4      | Noticed Dowan
  3144 | D:4      | Noticed Duvessa
  3147 | D:4      | Killed Dowan
  3147 | D:4      | Reached skill level 5 in Fighting
  3147 | D:4      | Reached XP level 7. HP: 50/50 MP: 7/7
  3426 | D:4      | Killed Duvessa
  3478 | D:4      | Gained mutation: Your flesh is heat resistant. (rF+) [mutagenic meat]
  3479 | D:4      | Gained mutation: You can translocate small distances at will. [mutagenic meat]
  3480 | D:4      | Gained mutation: Your flesh is cold resistant. (rC+) [mutagenic meat]
  3482 | D:4      | Gained mutation: Your system is resistant to poisons. (rPois) [mutagenic meat]
  3973 | D:5      | Entered Level 5 of the Dungeon
  4091 | D:5      | Found Qefaum's Weapon Boutique.
  4148 | D:5      | Reached XP level 8. HP: 53/60 MP: 8/8
  4182 | D:5      | Found a basalt altar of Yredelemnul.
  4332 | D:5      | Found a sacrificial altar of Ru.
  4335 | D:5      | Found a hide-covered altar of Uskayaw.
  4338 | D:5      | Found a radiant altar of Vehumet.
  4341 | D:5      | Found an ancient bone altar of Kikubaaqudgha.
  4667 | D:6      | Reached skill level 5 in Evocations
  5199 | D:6      | Found a staircase to the Ecumenical Temple.
  5266 | Temple   | Entered the Ecumenical Temple
  5506 | Temple   | Became a worshipper of Nemelex Xobeh the Trickster
  5687 | D:6      | Received a gift from Nemelex Xobeh
  5802 | D:7      | Reached XP level 9. HP: 64/64 MP: 14/14
  6510 | D:7      | Reached skill level 1 in Invocations
  6642 | D:7      | Reached skill level 2 in Invocations
  6677 | D:7      | Learned a level 1 spell: Confusing Touch
  6867 | D:7      | Reached skill level 3 in Invocations
  7019 | D:7      | Found a radiant altar of Vehumet.
  7088 | D:7      | Reached skill level 4 in Invocations
  7195 | D:8      | Noticed trm's ghost (novice DECj)
  7253 | D:8      | Noticed Pikel
  7267 | D:8      | Killed Pikel
  7267 | D:8      | Reached skill level 6 in Invocations
  7433 | D:8      | Reached skill level 7 in Invocations
  7552 | D:8      | Received a gift from Nemelex Xobeh
  7605 | D:8      | Reached * piety under Nemelex Xobeh
  7675 | D:8      | Reached skill level 8 in Invocations
  7857 | D:8      | Found a shadowy altar of Dithmenos.
  7859 | D:8      | Found an opulent altar of Gozag.
  7872 | D:8      | Reached XP level 10. HP: 71/71 MP: 16/16
  7882 | D:8      | Found a bloodstained altar of Trog.
  7975 | D:8      | Killed trm's ghost
  7975 | D:8      | Reached skill level 9 in Invocations
  8779 | D:9      | Reached skill level 1 in Spellcasting
  8782 | D:9      | Reached skill level 1 in Hexes
  9121 | D:10     | Entered Level 10 of the Dungeon
  9121 | D:10     | Reached ** piety under Nemelex Xobeh
  9258 | D:10     | Found a staircase to the Orcish Mines.
  9337 | D:10     | Noticed a two-headed ogre
  9610 | D:10     | Received a gift from Nemelex Xobeh
  9644 | D:10     | Noticed a two-headed ogre
  9659 | D:10     | Killed a two-headed ogre
 10320 | D:10     | Learned a level 3 spell: Confuse
 10575 | D:10     | Got a steaming whip
 10576 | D:10     | Identified the cursed +2 whip of the Sugar Beet {slash, rElec Str+3 Int-4} (You found it on level 10 of the Dungeon)
 10673 | D:10     | Received a gift from Nemelex Xobeh
 10929 | D:10     | Reached skill level 5 in Spellcasting
 10933 | D:10     | Gained mutation: You are partially covered in icy blue scales. (AC +2) [mutagenic meat]
 10934 | D:10     | Gained mutation: You tend to lose your temper in combat. [mutagenic meat]
 11606 | Orc:1    | Entered Level 1 of the Orcish Mines
 11798 | D:11     | Reached skill level 5 in Hexes
 11798 | D:11     | Reached XP level 11. HP: 60/75 MP: 18/18
 11890 | D:11     | Got a bone scimitar {freeze}
 11891 | D:11     | Identified the +11 scimitar of Charity {freeze, Int+3} (You took it off a kobold on level 11 of the Dungeon)
 12047 | D:11     | Reached skill level 1 in Long Blades
 12100 | D:11     | Reached *** piety under Nemelex Xobeh
 12120 | D:11     | Noticed a red ugly thing
 12134 | D:11     | Killed a red ugly thing
 12134 | D:11     | Slain by a killer bee

Skill      XL: |  1  2  3  4  5  6  7  8  9 10 11 |
---------------+----------------------------------+-----
Stealth        | 1 3 4 5 8 |  8.8
Shields        | 5 6 |  6.0
Fighting       | 5 7 |  7.1
Evocations     | 6 |  6.8
Dodging        | 4 |  4.0
Invocations    | 8 9 |  9.4
Spellcasting   | 5 |  5.0
Hexes          | 5 |  5.1
Long Blades    | 3 |  3.4
Short Blades   | |  2.0

Action                   |  1- 3 |  4- 6 |  7- 9 | 10-12 || total
-------------------------+-------+-------+-------+-------++-------
Melee: Rapier            |    55 |    54 |    12 |       ||   121
       Constrict         |    16 |    12 |    47 |    70 ||   145
       Tentacles         |     8 |    16 |    68 |    91 ||   183
       Dagger            |       |    23 |   223 |   248 ||   494
       Scimitar          |       |       |       |    35 ||    35
 Cast: Confuse           |       |       |       |     4 ||     4
       Confusing Touch   |       |       |       |     1 ||     1
Evoke: Wand              |       |       |    15 |    11 ||    26
       Deck              |       |       |     5 |    11 ||    16
  Use: Potion            |     1 |     5 |     1 |     1 ||     8
       Scroll            |     3 |     6 |     9 |     2 ||    20
 Stab: Sleeping          |     5 |    14 |    25 |     9 ||    53
       Confused          |       |       |     5 |     2 ||     7
       Distracted        |       |       |     3 |     2 ||     5
  Eat: Chunk             |     1 |     6 |    17 |    16 ||    40
       Fruit             |       |       |     3 |     1 ||     4
Armor: Skin              |     5 |     3 |     8 |     6 ||    22
Dodge: Dodged            |    26 |    18 |    73 |   106 ||   223
Block: Shield            |    26 |    22 |    89 |   146 ||   283
       Rpst.: Scimitar   |       |       |       |     7 ||     7
